[Event "Late-Titled-Tuesday-Blitz-March-26-2024"]
[Site "Chess.com"]
[Date "2024.03.26"]
[Round "5"]
[White "ArchibaldCerveza29"]
[Black "vangulio"]
[Result "0-1"]
[WhiteElo "2375"]
[BlackElo "2556"]
[TimeControl "180+1"]
[EndTime "14:57:20 PDT"]
[Termination "vangulio won by resignation"]

1. e4 c5 2. Nf3 d6 3. d4 cxd4 4. Nxd4 Nf6 5. Nc3 g6 6. Be3 Bg7 7. f3 O-O 8. Qd2 Nc6 9. O-O-O d5 10. Kb1 Nxd4 11. e5 Nf5 12. exf6 exf6 13. Bc5 d4 14. Bxf8 Qxf8 15. Nb5 Ne3 16. Re1 f5 17. f4 Qc5 18.
c3 Nxf1 19. Re8+ Bf8 20. Qxd4 Qxb5 21. Qd8 Nd2+ 22. Kc2 Qxe8 23. Qxe8 Ne4 24. Rd1 Nf6 25. Qd8 Kg7 26. h3 b6 27. Qc7 Be6 28. Qb7 Rc8 29. Qxa7 Bc5 30. Qb7 Ne4 31. g4 Re8 32. g5 Be3 33.
Qc7 Ra8 34. Rd8 Rxd8 35. Qxd8 Bxf4 36. Qd4+ Kf8 37. h4 Ke7 38. Qxb6 Bg3 39. Qb4+ Ke8 40.
Qb8+ Bxb8 0-1

[Event "Late-Titled-Tuesday-Blitz-March-26-2024"]
[Site "Chess.com"]
[Date "2024.03.26"]
[Round "5"]
[White "mightysmasher"]
[Black "KetiTsatsalashvili"]
[Result "0-1"]
[WhiteElo "2595"]
[BlackElo "2459"]
[TimeControl "180+1"]
[EndTime "14:57:21 PDT"]
[Termination "KetiTsatsalashvili won on time"]

1. e4 c5 2. c3 Nf6 3. e5 Nd5 4.
d4 e6 5. Nf3 cxd4 6. cxd4 d6 7.
Bc4 Nc6 8. O-O dxe5 9. dxe5 Be7 10. Nc3 Nxc3 11. Qxd8+ Nxd8 12. bxc3 Bd7 13. Rd1 Rc8 14. Bf1 Rxc3 15. Bd2 Rc8 16. Be3 a6 17. a4 Bc6 18.
Nd4 Bd5 19. Rab1 Nc6 20. Nf5 Nxe5 21. Nxg7+ Kf8 22. Bh6 Kg8 23. Nf5 Bf6 24. Nd6 Rb8 25. Bf4 Kg7 26. Re1 Ng6 27. Bg3 h5 28. h3 h4 29. Bh2 Rhd8 30. Red1 Be5 31. Bxe5+ Nxe5 32. Re1 Nf3+ 33. gxf3 Rxd6 34. f4 Kf6 35. Kh2 Rg8 36.
Rb4 Rc8 37. Rd4 Rc2 38. Kg1 Rd8 39. Re5 Rg8+ 40. Rg5 Rxg5+ 41. fxg5+ Kxg5 42. Rg4+ Kf6 43. Rxh4 Rc1 44. Rf4+ Ke5 45. Rh4 b5 46. axb5 axb5 0-1

[Event "Late-Titled-Tuesday-Blitz-March-26-2024"]
[Site "Chess.com"]
[Date "2024.03.26"]
[Round "5"]
[White "karinachess1"]
[Black "GMG"]
[Result "0-1"]
[WhiteElo "2577"]
[BlackElo "2798"]
[TimeControl "180+1"]
[EndTime "14:57:24 PDT"]
[Termination "GMG won by resignation"]

1. d4 d5 2. c4 e6 3. Nc3 a6 4. cxd5 exd5 5. Bf4 c6 6. e3 Bd6 7. Bxd6 Qxd6 8. Bd3 Nf6 9. Qc2 Bg4 10. h3 Be6 11. Nf3 a5 12. Ne5 Nbd7 13.
f4 Nb6 14. b3 O-O 15. O-O Qe7 16. Qf2 Ne8 17. Rae1 f6 18. Qh4 g5 19. fxg5 fxe5 20. Bxh7+ Qxh7 21. Rxf8+ Kg7 22. Qxh7+ Kxh7 23. dxe5 Kg7 24.
Ref1 Nd7 25. R8f4 Nxe5 26. Ne2 Nd6 27. Nd4 Bd7 28. Rf6 Ne4 29. Nf5+ Bxf5 30. R6xf5 Re8 31. h4 Kg6 32. R5f4 Ng3 33. Rf6+ Kg7 34. Re1 Ng6 35.
h5 Nxh5 36. Rd6 Re7 37. Rf1 Ng3 38. Rff6 Nf8 39. Rh6 Ne4 40. Rd8 Nxg5 41. Rh4 Nfe6 42. Rg4 Nxd8 0-1

[Event "Late-Titled-Tuesday-Blitz-March-26-2024"]
[Site "Chess.com"]
[Date "2024.03.26"]
[Round "5"]
[White "Houdinovic"]
[Black "noblerone"]
[Result "0-1"]
[WhiteElo "2706"]
[BlackElo "2538"]
[TimeControl "180+1"]
[EndTime "14:57:28 PDT"]
[Termination "noblerone won by resignation"]

1. e4 c5 2. Nf3 e6 3. d4 cxd4 4. Nxd4 Qb6 5. Nb3 Qc7 6. Nc3 a6 7. Bd3 b5 8. f4 Bb7 9. Qe2 Nf6 10. e5 b4 11. Nd1 Nd5 12. Nf2 Be7 13. Ne4 f5 14.
exf6 Nxf6 15. O-O O-O 16. Bd2 Nxe4 17. Bxe4 Bxe4 18. Qxe4 Nc6 19. Rae1 a5 20. Kh1 a4 21.
Nd4 Nxd4 22. Qxd4 Rab8 23. b3 Bf6 24. Qd3 axb3 25. cxb3 Qc6 26. Rc1 Qb5 27. Qxb5 Rxb5 28. Be3 Ra8 29. Rfd1 d5 30. Rd2 Rba5 31. Rcc2 Bc3 32.
Re2 Kf7 33. Bf2 d4 34. Rc1 d3 35. Re3 d2 36. Rd1 Rxa2 37. Kg1 Ra1 0-1

[Event "Late-Titled-Tuesday-Blitz-March-26-2024"]
[Site "Chess.com"]
[Date "2024.03.26"]
[Round "5"]
[White "ACollins05"]
[Black "Chesstiger64"]
[Result "1/2-1/2"]
[WhiteElo "2515"]
[BlackElo "2403"]
[TimeControl "180+1"]
[EndTime "14:57:28 PDT"]
[Termination "Game drawn by repetition"]

1. Nf3 c5 2. e3 b6 3. b3 Bb7 4.
Bb2 Nf6 5. Be2 e6 6. O-O d5 7. d4 Nc6 8. c4 cxd4 9. Nxd4 Nxd4 10. Bxd4 Be7 11. Nc3 Rc8 12. Bf3 O-O 13. Rc1 Ba8 14. cxd5 Nxd5 15. Nxd5 Bxd5 16. Rxc8 Qxc8 17. Bxd5 exd5 18. Qd2 Rd8 19. Rc1 Qa6 20. a4 Qb7 21.
Qc3 f6 22. g3 Rd7 23. h4 Kf7 24. Qd3 g6 25. h5 Rc7 26. Rd1 Qc6 27. Bb2 Rd7 28.
Rc1 Qe6 29. Bd4 Qg4 30. hxg6+ hxg6 31. Qb5 Qf5 32. Rc8 Qb1+ 33. Kh2 Qf5 34. Kg2 g5 35. Qe2 g4 36. Qc2 Qxc2 37. Rxc2 Ke6 38. Rc6+ Rd6 39. Rc7 Rd7 40. Rc8 f5 41. Kf1 Bd6 42.
Ke2 Rc7 43. Rxc7 Bxc7 44. Kd3 a6 45. b4 b5 46. axb5 axb5 47. Bc5 Be5 48. Ke2 Kd7 49. Kd3 Ke6 50. Bf8 Bf6 51. Bc5 Bg7 52. Bd4 Bf8 53. Kc3 Be7 54. Kb3 Bd6 55. Kc3 Be7 56. Kb3 Bd6 57. Bc3 Be7 58. Kc2 Bd6 59. Kd3 Be7 60.
Ke2 Bd6 61. Kd3 Be7 62. Kd4 Bf6+ 63. Kd3 Be7 1/2-1/2

[Event "Late-Titled-Tuesday-Blitz-March-26-2024"]
[Site "Chess.com"]
[Date "2024.03.26"]
[Round "5"]
[White "Zampronha1971"]
[Black "b_6"]
[Result "1-0"]
[WhiteElo "2382"]
[BlackElo "2482"]
[TimeControl "180+1"]
[EndTime "14:57:29 PDT"]
[Termination "Zampronha1971 won by resignation"]

1. e4 c5 2. Nf3 g6 3. d4 cxd4 4. Nxd4 Nc6 5. Nc3 Bg7 6. Be3 Nf6 7. Bc4 O-O 8. Bb3 Re8 9. O-O d6 10. h3 Na5 11. f4 Nxb3 12. axb3 a6 13. Nf3 Bd7 14.
e5 Nh5 15. exd6 exd6 16. Qd2 Ng3 17. Rfe1 Be6 18. Bf2 Nf5 19. Rad1 d5 20. Nd4 Nd6 21. g4 Rc8 22. Nf3 Bxc3 23. bxc3 Ne4 24. Qe3 Nxf2 25.
Kxf2 Qc7 26. Rd3 Kf8 27. Qd4 Qc5 28. f5 Qxd4+ 29. Nxd4 Bd7 30. Rxe8+ Bxe8 31. Kf3 Bc6 32. Kf4 Re8 33. Re3 Rxe3 34. Kxe3 Ke7 35. Kf4 f6 36. fxg6 hxg6 37. h4 Be8 38. g5 f5 39. Ke5 Bf7 40. Ne2 Kd7 41. Nf4 Kc6 42. h5 gxh5 43. g6 Bg8 44.
Nxh5 a5 45. Nf6 b5 46. Nxg8 a4 47. Ne7+ Kc5 48. bxa4 bxa4 49. g7 a3 50. g8=Q a2 51.
Qa8 1-0

[Event "Late-Titled-Tuesday-Blitz-March-26-2024"]
[Site "Chess.com"]
[Date "2024.03.26"]
[Round "5"]
[White "JacksterThePro"]
[Black "rhwr"]
[Result "0-1"]
[WhiteElo "2458"]
[BlackElo "2307"]
[TimeControl "180+1"]
[EndTime "14:57:29 PDT"]
[Termination "rhwr won by checkmate"]

1. d4 c5 2. d5 d6 3. e4 Nf6 4. Nc3 g6 5. Be2 Bg7 6. Nf3 O-O 7. O-O Na6 8. Nd2 Nc7 9. a4 Bd7 10. f3 a6 11. a5 Nb5 12. Nc4 Ne8 13. Nxb5 axb5 14. Nb6 Ra7 15. c3 Nc7 16. Be3 Na8 17. Nxd7 Qxd7 18. Qb3 c4 19. Qc2 Ra6 20. b3 Rc8 21.
bxc4 bxc4 22. Rfb1 Qc7 23. Ra4 Rxa5 24. Bb6 Nxb6 25.
Rxa5 Nd7 26. Ra4 Qc5+ 27. Kh1 b5 28. Ra5 Qe3 29. Raxb5 Bxc3 30. Rb7 Nc5 31. Rb8 Rxb8 32. Rxb8+ Kg7 33. h3 Bd4 34. Kh2 Qg1+ 35. Kg3 Qf2+ 36. Kh2 Be5+ 37. Kh1 Qe1+ 38. Bf1 Qxf1# 0-1

[Event "Late-Titled-Tuesday-Blitz-March-26-2024"]
[Site "Chess.com"]
[Date "2024.03.26"]
[Round "5"]
[White "egnfanclub"]
[Black "protectiago"]
[Result "1-0"]
[WhiteElo "2381"]
[BlackElo "2089"]
[TimeControl "180+1"]
[EndTime "14:57:29 PDT"]
[Termination "egnfanclub won on time"]

1. e4 e5 2. Nf3 Nc6 3. Bc4 Bc5 4. c3 Nf6 5. d4 exd4 6. b4 Bb6 7. e5 d5 8. exf6 dxc4 9. Qe2+ Be6 10. b5 Nb8 11. fxg7 Rg8 12. Qe4 Rxg7 13. Qe5 Rxg2 14. Bg5 Rxg5 15. Nxg5 Nd7 16. Qh8+ Ke7 17. Qxh7 Nf6 18.
Qh4 dxc3 19. Nxe6 fxe6 20. Nxc3 Qd4 21. Qxd4 Bxd4 22. Rc1 Rf8 23. Ne2 Bb6 24. Rxc4 Nd5 25. f4 Ne3 26. Re4 Kd6 27. Kd2 Nd5 28. Rf1 Rf6 29. Kd3 Kc5 30. a4 Nb4+ 31. Kc3 Nd5+ 32.
Kb3 a6 33. Nc3 Nxc3 34. Rc4+ Kd5 35. Kxc3 axb5 36. axb5 1-0

[Event "Late-Titled-Tuesday-Blitz-March-26-2024"]
[Site "Chess.com"]
[Date "2024.03.26"]
[Round "5"]
[White "WindWhistler11"]
[Black "Korchmar_Vasiliy"]
[Result "1-0"]
[WhiteElo "2469"]
[BlackElo "2689"]
[TimeControl "180+1"]
[EndTime "14:57:30 PDT"]
[Termination "WindWhistler11 won by checkmate"]

1. Nf3 d5 2. g3 g6 3. Bg2 Bg7 4. c4 c6 5. Qc2 dxc4 6. Qxc4 Nh6 7. O-O Nf5 8. e3 O-O 9. d4 Nd6 10. Qe2 a5 11. Rd1 Na6 12. Nc3 Nb4 13. e4 Be6 14. b3 a4 15. Nxa4 Nxa2 16. Qxa2 b5 17.
d5 cxd5 18. exd5 Bxa1 19. Qxa1 Bd7 20. Bh6 f6 21. Bxf8 Qxf8 22. Nd4 bxa4 23. Ne6 Qc8 24. Rc1 Qb8 25. bxa4 Rxa4 26. Qb1 Rb4 27. Qd3 Rb2 28. Qe3 Nf5 29. Qc5 h5 30. Be4 Qe5 31. Bxf5 Qxf5 32. Nf4 Kf7 33. Re1 g5 34. Qxe7+ Kg8 35. Qd8+ Kg7 36.
Re7+ Kh6 37. Qh8+ Qh7 38. Qxh7# 1-0

[Event "Late-Titled-Tuesday-Blitz-March-26-2024"]
[Site "Chess.com"]
[Date "2024.03.26"]
[Round "5"]
[White "Matrix3x3a"]
[Black "stasOR4ik"]
[Result "1-0"]
[WhiteElo "2606"]
[BlackElo "2434"]
[TimeControl "180+1"]
[EndTime "14:57:31 PDT"]
[Termination "Matrix3x3a won by checkmate"]

1. d4 d5 2. c4 e6 3. Nf3 Nf6 4. g3 c6 5. Bg2 Ne4 6. O-O Nd7 7. Nc3 f5 8. Qc2 Bd6 9. Bf4 Bxf4 10. gxf4 O-O 11. e3 Rf6 12. b4 Rg6 13. b5 Qe8 14. a4 Ndf6 15. Ne5 Rh6 16. Nxe4 fxe4 17. f3 Qh5 18. h3 cxb5 19. cxb5 exf3 20. Bxf3 Qxh3 21.
Qg2 Qh4 22. Rac1 Nd7 23. Rc7 Qd8 24. Rfc1 a6 25. b6 g5 26. Qxg5+ Qxg5+ 27. fxg5 Nxe5 28. dxe5 Rg6 29. Kf2 Rxg5 30. Rg1 Rxg1 31. Kxg1 Kf8 32. a5 Ke8 33. Bh5+ Kd8 34. Rxh7 Rb8 35. Kf2 Ra8 36. Ke2 Rb8 37. Kd3 Ra8 38. Kd4 Rb8 39.
e4 dxe4 40. Kxe4 Ra8 41. Kd4 Rb8 42. Kc5 Bd7 43. Kd6 Rc8 44. Rh8+ Be8 45. Rxe8# 1-0

[Event "Late-Titled-Tuesday-Blitz-March-26-2024"]
[Site "Chess.com"]
[Date "2024.03.26"]
[Round "5"]
[White "Airquake"]
[Black "Dontmesswithme_2"]
[Result "1-0"]
[WhiteElo "2677"]
[BlackElo "2419"]
[TimeControl "180+1"]
[EndTime "14:57:32 PDT"]
[Termination "Airquake won on time"]

1. g3 d5 2. Bg2 Nf6 3. Nf3 Bf5 4. O-O e6 5. d3 h6 6. Nbd2 Be7 7. b3 Nbd7 8. Bb2 c6 9. Re1 Bh7 10. e4 O-O 11.
Qe2 a5 12. a3 Nc5 13. Rad1 Qc7 14. exd5 cxd5 15. Nd4 Qb6 16. Kh1 Rac8 17. f4 Ncd7 18. N2f3 Bd6 19. a4 Rfe8 20. Nb5 Bb4 21. Bd4 Bc5 22.
Bxc5 Qxc5 23. Rd2 Nb8 24. Ne5 Nc6 25. c4 Nd4 26. Qd1 Rcd8 27. Rb2 dxc4 28. bxc4 Nc6 29. Qc1 Nxe5 30. fxe5 Ng4 31. d4 Qe7 32. c5 h5 33. Nd6 Rf8 34. Rxb7 Rd7 35. c6 Rxb7 36. cxb7 Qd7 37. Qc8 1-0

[Event "Late-Titled-Tuesday-Blitz-March-26-2024"]
[Site "Chess.com"]
[Date "2024.03.26"]
[Round "5"]
[White "thesupera12"]
[Black "GWR2024"]
[Result "1-0"]
[WhiteElo "2429"]
[BlackElo "2182"]
[TimeControl "180+1"]
[EndTime "14:57:32 PDT"]
[Termination "thesupera12 won by resignation"]

1. Nf3 f5 2. d3 d5 3. c4 dxc4 4. Qa4+ Nc6 5. Qxc4 Nf6 6. Bg5 e6 7. g3 Be7 8. Bg2 O-O 9. O-O h6 10. Be3 Nd5 11. Bc5 Bxc5 12. Qxc5 Qd6 13. Qc4 Qb4 14.
Qxb4 Ncxb4 15. Rc1 Nc6 16. Nc3 Nxc3 17. Rxc3 e5 18.
Rac1 Bd7 19. Nd2 Rad8 20. Nc4 Rfe8 21. a3 Nd4 22. Kf1 c6 23. e3 Nb5 24. Rb3 Be6 25. a4 Nd6 26. Rb4 Nxc4 27. dxc4 Rd7 28. Ke2 Red8 29. Rc2 e4 30. a5 Kf7 31. f3 exf3+ 32.
Bxf3 g5 33. a6 bxa6 34. Bxc6 Rc7 35. Bg2 Ke7 36. Ra4 Bc8 37. c5 Bb7 38. Bxb7 Rxb7 39.
Rxa6 Rc8 40. Rxh6 Rb3 41. Rh7+ Ke6 42. Rxa7 Kd5 43. c6 Rxc6 44. Ra5+ Kd6 45. Rxc6+ Kxc6 46. Rxf5 Rxb2+ 47. Kf3 Rxh2 48. Rxg5 Kd7 49. Re5 Kd6 50.
Ke4 Rg2 51. Rg5 Ke6 52. Rg6+ Kf7 53. Rg4 Kf6 54. Kf3 Ra2 55. Rb4 Kg6 56. Kg4 Ra7 57.
Rb6+ Kg7 58. e4 Ra5 59. Kf4 Rc5 60. g4 Rc1 61. Kf5 Rf1+ 62. Ke6 Rg1 63. Rb7+ Kg6 64. Rb8 Kg5 65. e5 Re1 66. Rg8+ Kf4 67. Rf8+ Kxg4 68.
Kd6 Kg5 69. e6 Kg6 70. Kd7 Kg7 71. e7 Rd1+ 72. Kc6 Rc1+ 73. Kb5 Rb1+ 74. Kc4 Rc1+ 75.
Kb3 1-0

[Event "Late-Titled-Tuesday-Blitz-March-26-2024"]
[Site "Chess.com"]
[Date "2024.03.26"]
[Round "5"]
[White "GothamChess"]
[Black "DeArron_Fox"]
[Result "1-0"]
[WhiteElo "2674"]
[BlackElo "2505"]
[TimeControl "180+1"]
[EndTime "14:57:33 PDT"]
[Termination "GothamChess won by checkmate"]

1. e4 c5 2. Nc3 e6 3. d4 cxd4 4. Qxd4 Nc6 5. Qd3 Nf6 6. Bf4 Bc5 7. O-O-O O-O 8. e5 Ng4 9. Ne4 Nxf2 10. Nxf2 Bxf2 11. Nh3 Bh4 12. Qe4 f5 13. Qe3 Be7 14. Bd3 b6 15. g4 fxg4 16. Rhg1 Bc5 17. Qe4 g6 18. Rxg4 Qe8 19. Bh6 Rf5 20. Ng5 Nxe5 21.
Rg2 Nc6 22. Qh4 Be3+ 23. Kb1 Bb7 24. Bxf5 exf5 25. Nxh7 Kxh7 26. Bxe3+ Kg8 27. Qh6 Ne5 28. Bf4 Bxg2 29. Rg1 Be4 30. Bxe5 f4 31. Bxf4 Rc8 32. Ka1 Rxc2 33. Be3 Rg2 34. Re1 Qe6 35. Bd4 Qf7 36.
Qh8# 1-0

[Event "Late-Titled-Tuesday-Blitz-March-26-2024"]
[Site "Chess.com"]
[Date "2024.03.26"]
[Round "5"]
[White "SahibSinghKnight"]
[Black "AsaHoffmann"]
[Result "1-0"]
[WhiteElo "2579"]
[BlackElo "2414"]
[TimeControl "180+1"]
[EndTime "14:57:33 PDT"]
[Termination "SahibSinghKnight won by resignation"]

1. e4 d6 2. d4 c6 3. c3 Nf6 4. Bd3 e5 5. Nf3 Qc7 6. O-O Bg4 7. h3 Bh5 8. Re1 Nbd7 9. Nbd2 Be7 10. Nf1 O-O 11.
Ng3 Bg6 12. Nh4 Rfe8 13. Nhf5 Bf8 14. Qf3 Rad8 15. h4 exd4 16. cxd4 Bxf5 17. Nxf5 g6 18. Nh6+ Kg7 19. Bg5 Be7 20. Rac1 Rf8 21. Ng4 h5 22. Bh6+ Kh8 23. Nxf6 Bxf6 24. Bxf8 Rxf8 25. Qe3 Bxh4 26. Qh6+ Kg8 27. Bc4 d5 28. Bxd5 Qd6 29. Bb3 Qf6 30. e5 Bxf2+ 31. Kf1 Qf5 32. Bc2 Be3+ 33. Bxf5 Bxh6 34.
Bxd7 Bxc1 35. Rxc1 Rd8 36. e6 fxe6 37. Bxe6+ Kg7 38.
d5 cxd5 39. Rc7+ Kf6 40. Bh3 d4 41. Rxb7 d3 42. Ke1 g5 43. Bd7 Ke5 44. Kd2 Kd4 45.
Rb3 Rf8 46. Rxd3+ Ke4 47. Bc6+ Ke5 48. Bf3 g4 49. Be2 Rf2 50. g3 Rg2 51. Ra3 a6 52. Rxa6 Rxg3 53. Ra5+ Kd4 54. Rxh5 Rg1 55. Rh4 1-0

[Event "Late-Titled-Tuesday-Blitz-March-26-2024"]
[Site "Chess.com"]
[Date "2024.03.26"]
[Round "5"]
[White "BardArtem"]
[Black "subham777"]
[Result "1-0"]
[WhiteElo "2825"]
[BlackElo "2550"]
[TimeControl "180+1"]
[EndTime "14:57:34 PDT"]
[Termination "BardArtem won by resignation"]

1. e4 e6 2. d4 d5 3. Nc3 Nf6 4. Bd3 c5 5. exd5 Nxd5 6. Nxd5 Qxd5 7. Nf3 cxd4 8. O-O Nc6 9. Re1 Bc5 10. a3 O-O 11. b4 Bb6 12. Bb2 a6 13. Be4 Qd6 14. Bxc6 bxc6 15. Bxd4 Bxd4 16. Qxd4 Qe7 17. Ne5 Bb7 18.
Rad1 Rfd8 19. Qb6 Rab8 20. Nxc6 Bxc6 21. Qxc6 Rdc8 22. Qxa6 Rxc2 23. h3 h6 24. Re2 Rcc8 25. Red2 Ra8 26. Qd3 Qg5 27. Qb3 Qf6 28. a4 Rc3 29.
Qb1 g6 30. a5 Qg5 31. Qb2 Rcc8 32. Qa1 Rcb8 33. Qa4 Qb5 34. Qxb5 Rxb5 35. Rd8+ Rxd8 36. Rxd8+ Kg7 37. a6 Rb8 38. Rxb8 1-0

[Event "Late-Titled-Tuesday-Blitz-March-26-2024"]
[Site "Chess.com"]
[Date "2024.03.26"]
[Round "5"]
[White "only_strong_moves"]
[Black "dolynachess"]
[Result "1-0"]
[WhiteElo "2684"]
[BlackElo "2511"]
[TimeControl "180+1"]
[EndTime "14:57:34 PDT"]
[Termination "only_strong_moves won on time"]

1. Nc3 c5 2. Nf3 d6 3. d4 cxd4 4. Nxd4 Nf6 5. g3 g6 6. Bg2 Bg7 7. O-O O-O 8. h3 Qc7 9. Be3 Nc6 10. Rc1 Bd7 11. Nb3 Rfc8 12. f4 Rab8 13. Nb5 Qd8 14. Nxa7 Nxa7 15. Bxa7 Ra8 16. Bd4 Rxa2 17. Bxb7 Bxh3 18.
Re1 Rb8 19. Bf3 Be6 20. Nd2 Ng4 21. e3 h5 22. Bxg7 Kxg7 23. b3 Qb6 24. Nf1 Rc8 25. Re2 Rc3 26. Qe1 Qc5 27. Bxg4 Bxg4 28. Rf2 Rb2 29. Qd2 Bh3 30. Re2 Bxf1 31. Kxf1 Rbxb3 32.
cxb3 Rxc1+ 33. Kf2 Qc3 34. Qd5 Qa1 35. Qg2 Rb1 36. Qd5 Rf1+ 37. Kg2 Rg1+ 38. Kh2 Qf1 39. Rd2 e6 40. Qe4 1-0

[Event "Late-Titled-Tuesday-Blitz-March-26-2024"]
[Site "Chess.com"]
[Date "2024.03.26"]
[Round "5"]
[White "expii"]
[Black "Godzillator"]
[Result "1-0"]
[WhiteElo "2208"]
[BlackElo "2378"]
[TimeControl "180+1"]
[EndTime "14:57:35 PDT"]
[Termination "expii won by checkmate"]

1. e4 d5 2. exd5 Qxd5 3. Nf3 Bg4 4. Be2 c6 5. O-O Nf6 6. Nc3 Qd8 7. h3 Bh5 8. d4 e6 9. Be3 Bd6 10. Qd2 O-O 11. Rad1 Qc7 12. Bg5 Nbd7 13. Ne1 Bg6 14. Bd3 Nd5 15. Bxg6 hxg6 16. Nxd5 cxd5 17. c3 b5 18. Nd3 a5 19. Bf4 Bxf4 20. Qxf4 Qxf4 21. Nxf4 b4 22. Rc1 Rfc8 23. Rc2 bxc3 24. Rxc3 Rab8 25. Rfc1 Rxc3 26. bxc3 Rb2 27. c4 dxc4 28. Rxc4 Rxa2 29. Rc8+ Nf8 30. d5 e5 31. Nd3 f6 32. Nc5 Rc2 33.
d6 Kf7 34. Rc7+ Ke8 35. Rc8+ Kf7 36. Rc7+ Kg8 37. Nb7 Rd2 38. Rc8 Kf7 39. Rc7+ Ke6 40. Re7+ Kf5 41. Rf7 Ne6 42. d7 a4 43. Re7 Nf8 44.
g4+ Kf4 45. d8=Q Rxd8 46. Nxd8 a3 47. Ra7 f5 48. Rxa3 Nh7 49. Ne6+ Ke4 50. Nxg7 Ng5 51. Re3+ Kf4 52. gxf5 gxf5 53. Nh5# 1-0

[Event "Late-Titled-Tuesday-Blitz-March-26-2024"]
[Site "Chess.com"]
[Date "2024.03.26"]
[Round "5"]
[White "jinbojinbo"]
[Black "PepeCuenca"]
[Result "0-1"]
[WhiteElo "2638"]
[BlackElo "2737"]
[TimeControl "180+1"]
[EndTime "14:57:36 PDT"]
[Termination "PepeCuenca won on time"]

1. Nf3 Nf6 2. c4 g6 3. d4 Bg7 4. Nc3 O-O 5. e4 d6 6. Be2 Bg4 7. O-O Nfd7 8. Be3 Nc6 9. Ne1 Bxe2 10. Nxe2 Na5 11. Rc1 c5 12. b3 a6 13. d5 b5 14. f4 bxc4 15. bxc4 Nb6 16. Qd3 Qd7 17. Nf3 Qa4 18. Nd2 Rab8 19. e5 Nd7 20. e6 fxe6 21. dxe6 Nb6 22. f5 gxf5 23. Rxf5 Rxf5 24. Qxf5 Rf8 25. Qg4 Qe8 26. Nf4 Nc6 27. Ne4 Ne5 28. Qh3 Nbxc4 29. Ng5 h6 30. Nf7 Nxf7 31. Rxc4 Ne5 32.
Rc1 Qc6 33. Rf1 Qe4 34. Qg3 Kh7 0-1

[Event "Late-Titled-Tuesday-Blitz-March-26-2024"]
[Site "Chess.com"]
[Date "2024.03.26"]
[Round "5"]
[White "Hirna2005"]
[Black "Good_Knight_Kiss"]
[Result "1-0"]
[WhiteElo "2307"]
[BlackElo "2486"]
[TimeControl "180+1"]
[EndTime "14:57:38 PDT"]
[Termination "Hirna2005 won on time"]

1. e4 c5 2. c3 d5 3. exd5 Qxd5 4.
Nf3 Nc6 5. Na3 Bg4 6. Be2 e6 7. O-O Nf6 8. d4 cxd4 9. Nb5 Rc8 10. Nfxd4 Bxe2 11. Qxe2 Nxd4 12. Nxd4 Be7 13. h3 O-O 14. Be3 a6 15. Rfd1 Rfd8 16. Nf3 Qa5 17. Bd4 Qf5 18. Bb6 Rxd1+ 19. Rxd1 Nd5 20. Bd4 Nf4 21. Qe5 Qxe5 22. Bxe5 Nd5 23. Nd2 f6 24. Bg3 Kf7 25.
Nb3 b5 26. Kf1 g5 27. a3 h5 28. Re1 e5 29. h4 g4 30. Rd1 Ke6 31. Nd2 f5 32. Re1 Bd6 33. f3 gxf3 34. Nxf3 f4 35. Bf2 Kf5 36. Rd1 Bxa3 37. Rxd5 Bxb2 38. Rxe5+ Kf6 39. Bd4 Kf7 40. Rf5+ Ke6 41. Rxh5 1-0

[Event "Late-Titled-Tuesday-Blitz-March-26-2024"]
[Site "Chess.com"]
[Date "2024.03.26"]
[Round "5"]
[White "Der_Balak_3Halak"]
[Black "Fh2411"]
[Result "0-1"]
[WhiteElo "2417"]
[BlackElo "2590"]
[TimeControl "180+1"]
[EndTime "14:57:39 PDT"]
[Termination "Fh2411 won by checkmate"]

1. e4 c6 2. d4 d5 3. exd5 cxd5 4. Nf3 Nc6 5. Bb5 Bg4 6. O-O e6 7. Bf4 Nf6 8. c3 Be7 9. Nbd2 O-O 10. h3 Bh5 11. a4 Rc8 12. Rc1 a6 13. Bd3 Na5 14. b4 Nc4 15. Nxc4 dxc4 16. Bb1 b5 17.
axb5 axb5 18. Re1 Bg6 19. Bg5 Nd5 20. Bxe7 Qxe7 21. Bxg6 hxg6 22. Ne5 Ra8 23. Qd2 Ra3 24. Ng4 Rfa8 25. Ne3 Qg5 26. g3 Nf6 27. Nxc4 Qh5 28. Nxa3 Rxa3 29. Kg2 Qd5+ 30. Kh2 Ne4 31. Qb2 Ra2 32.
Qb1 Rxf2+ 33. Kg1 Qg5 34. g4 Qf4 35. Re3 Qh2# 0-1

[Event "Late-Titled-Tuesday-Blitz-March-26-2024"]
[Site "Chess.com"]
[Date "2024.03.26"]
[Round "5"]
[White "Irishchessman16"]
[Black "David_ATM"]
[Result "1-0"]
[WhiteElo "2560"]
[BlackElo "2380"]
[TimeControl "180+1"]
[EndTime "14:57:39 PDT"]
[Termination "Irishchessman16 won by resignation"]

1. e4 e5 2. Nf3 Nc6 3. Nc3 Nf6 4. d4 d6 5. Bb5 exd4 6. Nxd4 Bd7 7. O-O Be7 8. Nf5 Bxf5 9. exf5 O-O 10. Be3 a6 11. Bxc6 bxc6 12. Qf3 d5 13. Na4 Ne4 14. c4 Qb8 15.
Rfd1 Qb7 16. Rac1 Rad8 17. b3 Rfe8 18. Bf4 Bf6 19. cxd5 cxd5 20. Rxc7 Qb4 21. h3 d4 22. Rc4 Qe7 23. Nb6 Qb7 24. Bc7 Rc8 25. Nxc8 Rxc8 26. Rdc1 Re8 27. Bf4 h6 28. Rc7 Qb4 29. Qd3 Nc3 30.
Bd2 Qa5 31. Rc4 Qe5 32. Bxc3 dxc3 33. R4xc3 Qf4 34. R3c2 Be5 35. g3 Qg5 36. h4 Qf6 37. Kg2 Qe7 38. Re1 Qf8 39. Rce2 Bf6 40. Rxe8 Qxe8 41. Rxe8+ Kh7 42. Qxa6 1-0

[Event "Late-Titled-Tuesday-Blitz-March-26-2024"]
[Site "Chess.com"]
[Date "2024.03.26"]
[Round "5"]
[White "Zkid"]
[Black "NikoTheodorou"]
[Result "1-0"]
[WhiteElo "2923"]
[BlackElo "3100"]
[TimeControl "180+1"]
[EndTime "14:57:40 PDT"]
[Termination "Zkid won on time"]

1. e4 e5 2. Nf3 Nc6 3. Bb5 a6 4. Ba4 f5 5. d4 exd4 6. Nxd4 Nxd4 7. Qxd4 c5 8. Qe5+ Qe7 9. Qxe7+ Bxe7 10. c4 fxe4 11.
Nc3 Nf6 12. O-O O-O 13. Bg5 h6 14. Bh4 g5 15. Bg3 d6 16. Rfe1 Bf5 17. Rad1 Rad8 18. Bc2 Rfe8 19. Nxe4 Nxe4 20. Bxe4 Bxe4 21. Rxe4 Bf6 22.
Rxe8+ Rxe8 23. Kf1 Bxb2 24. Rxd6 b5 25. cxb5 axb5 26.
Rxh6 Rc8 27. Rg6+ Kf7 28. Rxg5 b4 29. Bd6 c4 30. Bxb4 c3 31. Rc5 Rxc5 32. Bxc5 c2 33.
Be3 Ke6 34. Ke2 Kd5 35. Kd3 c1=Q 36. Bxc1 Bxc1 37. h4 Ba3 38. Ke3 Ke5 39. f4+ Kf6 40.
g4 Kg6 41. Ke4 Kf6 42. h5 Ke6 43. g5 Bb4 44. a4 Ba5 45. f5+ Kf7 46. h6 Kg8 47. f6 Kh7 48. f7 Bb4 49. Kf5 Kh8 50. a5 1-0

[Event "Late-Titled-Tuesday-Blitz-March-26-2024"]
[Site "Chess.com"]
[Date "2024.03.26"]
[Round "5"]
[White "Andreikka"]
[Black "Karttunen"]
[Result "1-0"]
[WhiteElo "2992"]
[BlackElo "2713"]
[TimeControl "180+1"]
[EndTime "14:57:41 PDT"]
[Termination "Andreikka won on time"]

1. Nf3 Nf6 2. b3 d5 3. Bb2 e6 4. c4 c5 5. cxd5 exd5 6. e3 Nc6 7. Bb5 Bd7 8. O-O Bd6 9. d4 O-O 10. dxc5 Bxc5 11. Nc3 Bg4 12. Be2 Re8 13. Rc1 Bd6 14.
h3 Bh5 15. Nb5 Bb8 16. Nfd4 Nxd4 17. Bxd4 Bxe2 18. Qxe2 a6 19. Nc3 Qd6 20. g3 b5 21.
Bxf6 Qxf6 22. Nxd5 Qe6 23. Qf3 Be5 24. Kg2 Rad8 25.
Rfd1 g6 26. Rc6 Rd6 27. Nc7 Rxc6 28. Nxe6 Rcxe6 29. Rd7 Bf6 30. a4 bxa4 31. bxa4 Rf8 32. h4 h5 33. Rb7 a5 34. Rb5 Bc3 35. g4 hxg4 36. Qxg4 Rfe8 37. h5 Kg7 38. Rb7 Bb4 39. Kf1 Rf6 40. hxg6 Rxg6 41. Qd4+ Kg8 42. Rb5 Rg7 43.
Rd5 Rc8 44. Rd8+ Rxd8 45. Qxd8+ Kh7 46. Ke2 Rg6 47. Qh4+ Kg7 48. Qd4+ Kg8 49. f4 Re6 50. Kf3 f6 51. Qd5 1-0

[Event "Late-Titled-Tuesday-Blitz-March-26-2024"]
[Site "Chess.com"]
[Date "2024.03.26"]
[Round "5"]
[White "Janh4"]
[Black "Chempiblinka"]
[Result "0-1"]
[WhiteElo "2172"]
[BlackElo "2386"]
[TimeControl "180+1"]
[EndTime "14:57:42 PDT"]
[Termination "Chempiblinka won on time"]

1. d4 Nf6 2. Nc3 d5 3. Bf4 g6 4.
e3 Bg7 5. h4 h5 6. Nf3 b6 7.
Ne5 c6 8. f3 e6 9. Bd3 O-O 10. Qd2 c5 11. g4 Ba6 12. g5 Nfd7 13. Bxa6 Nxa6 14. Nc6 Qe8 15. Bd6 cxd4 16. exd4 Kh7 17.
Bxf8 Qxf8 18. Qd3 Nb4 19. Nxb4 Qxb4 20. O-O-O a6 21. Ne2 b5 22. Kb1 Rc8 23. Nf4 Kg8 24. Rhe1 Qd6 25. Ne2 Nb6 26. Nc1 Nc4 27. c3 Qg3 28.
Nb3 Qxh4 29. Rg1 Qf4 30. Nc5 Qd6 31. Nb7 Qb6 32. Nc5 b4 33. cxb4 Qxb4 34. Nb3 Qb6 35.
Rc1 Rb8 36. Rg2 a5 0-1